 Dungeon Crawl Stone Soup version 0.29.1-15-g9cfb28693d (webtiles) character file.

Game seed: 11993612726205346502

1109 H0rd4k the Magician (level 8, -10/55 (56) HPs)
             Began as an Octopode Artificer on Mar 28, 2023.
             Was an Initiate of Gozag.
             Mangled by an ice beast (21 damage)
             ... on level 7 of the Dungeon.
             The game lasted 00:10:01 (7734 turns).

H0rd4k the Magician (Octopode Artificer)            Turns: 7734, Time: 00:10:02

HP:   -10/55 (56)   AC:  1    Str:  9    XL:     8   Next: 33%
MP:   26/26         EV: 13    Int: 20    God:    Gozag
Gold: 189           SH:  0    Dex: 13    Spells: 16/19 levels left

rFire   + . .      SeeInvis .     - Unarmed
rCold   x . .      Faith    .   (no shield)
rNeg    + . .      Spirit   .   (helmet restricted)
rPois   .          Reflect  .   (no amulet)
rElec   .          Harm     .   k - ring of resist corrosion
rCorr   +          Rampage  .   l - ring of fire
Will    .....                   d - ring of Wuqeelyt {Fly rN+ Int+5}
Stlth   +++.......              c - ring of magical power
HPRegen 0.18/turn               (no ring)
MPRegen 0.20/turn               (no ring)
                                (no ring)
                                (no ring)

@: flying, lightly drained
A: almost no armour, amphibious, 8 rings, camouflage 1, gelatinous body 1,
(nimble swimmer 1), tentacles, weak 1, wild magic 1
a: Renounce Religion, Potion Petition, Call Merchant, Bribe Branch


You were on level 7 of the Dungeon.
You worshipped Gozag.
Gozag was aware of your devotion.
You visited 2 branches of the dungeon, and saw 9 of its levels.

You collected 289 gold pieces.
You paid 100 gold pieces to Gozag.

Inventory:

Missiles
 q - 9 poisoned darts
Jewellery
 c - a ring of magical power (on tentacle)
 d - the ring of Wuqeelyt (on tentacle) {Fly rN+ Int+5}
   (You acquired it on level 2 of the Dungeon)

   [ring of positive energy]

   Int:       It affects your intelligence (+5).
   rN:        It protects you from negative energy.
   Fly:       It grants you flight.
 k - a ring of resist corrosion (left tentacle)
 l - a ring of fire (right tentacle)
Scrolls
 a - a scroll of silence {unknown}
 b - a scroll of amnesia
 g - a scroll of enchant weapon
 h - 7 scrolls of identify
 i - a scroll of vulnerability {unknown}
 m - 2 scrolls of fear
 n - 3 scrolls of teleportation
 o - a scroll of blinking
 r - a scroll of torment
Potions
 e - a potion of curing
 f - a potion of brilliance


   Skills:
 + Level 5.4 Fighting
 - Level 2.3 Dodging
 - Level 1.3 Stealth
 - Level 3.1 Unarmed Combat
 * Level 6.2 Spellcasting
 * Level 0.5 Summonings
 - Level 3.2 Evocations


You had 16 spell levels left.
You knew the following spells:

 Your Spells              Type           Power      Damage    Failure   Level
a - Summon Small Mammal   Summ           40%        N/A       13%         1
b - Call Imp              Summ           10%        N/A       17%         2

Your spell library contained the following spells:

 Spells                   Type           Power      Damage    Failure   Level
 Apportation              Tloc           16%        N/A       16%         1
 Magic Dart               Conj           32%        1d4       16%         1
 Necrotise                Necr           32%        1d5       16%         1
 Dazzling Flash           Conj/Hex       16%        N/A       38%         3
 Ignite Poison            Fire/Tmut/Pois 12%        N/A       38%         3
 Mephitic Cloud           Conj/Pois/Air  8%         N/A       38%         3
 Vampiric Draining        Necr           8%         2d6       38%         3
 Agony                    Necr           8%         N/A       98%         5
 Freezing Cloud           Conj/Ice/Air   4%         6-21      98%         5
 Silence                  Hex/Air        4%         N/A       98%         5


Dungeon Overview and Level Annotations

Branches:
Dungeon (8/15)             Temple (1/1) D:7
   Lair: D:8-11

Altars:
Ashenzari
Cheibriados
Fedhas
Gozag
Hepliaklqana
Kikubaaqudgha
Qazlal
Ru
Sif Muna
Trog
Uskayaw
Xom
Yredelemnul
Zin
The Shining One

Shops:
D:3 [   D:8 !*

Annotations:
D:2 Terence
D:5 exclusion: downstairs
D:6 exclusion: downstairs
D:7 1 exclusion


Innate Abilities, Weirdness & Mutations

You cannot wear most types of armour.
You are amphibious.
You can wear up to eight rings at the same time.
Your skin changes colour to match your surroundings (Stealth+).
Your rubbery body absorbs attacks. (AC +1, EV +1)
((You are camouflaged when in or above water. (Stealth+)))
You have tentacles for arms and can constrict up to eight enemies at once.
You are weak. (Str -2)
Your spells are a little harder to cast, but a little more powerful.


Message History

You squeeze the wight.
The wight is severely damaged.
You constrict the wight, but do no damage.
The wight is no longer distracted by gold.
The wight hits you with a +0 falchion.
* * * LOW HITPOINT WARNING * * *
You aren't carrying any items that you can evoke.
Unknown command.
You aren't carrying any items that you can evoke.
Unknown command.
You feel better.
You constrict the wight.
The wight is distracted by your dazzling golden aura.
You release your grip on the wight.
There is an open door here.
The wight is no longer distracted by gold.
There is an open door here.
There is an open door here.
There is an entrance to Areu's Assorted Antiques here.
There is a stone staircase leading up here.
You closely miss the wight. Your grab misses the wight.
The wight is almost destroyed.
The wight misses you. The wight misses you.
You fly upwards.
Level annotation: 1 exclusion The ice beast barely misses you.
There is a stone staircase leading down here.
You closely miss the wight. Your grab misses the wight.
Your squeeze misses the wight.
The wight is almost destroyed.
The ice beast hits you but does no damage.
The wight hits you with a +0 falchion!
* * * LOW HITPOINT WARNING * * *
You tentacle-slap the wight. Your grab misses the wight.
The wight is almost destroyed.
The ice beast hits you.
* * * LOW HITPOINT WARNING * * *
The ice beast freezes you!!
You feel a terrible chill!
You die...
Your body crumbles into a pile of gold.

#.y.. ..##. ..##..
yyy..#...... .....#
....#....#$###.#..#
....#...........).#
.##.......##.....##.#
....#.#.#...........#
#.#.#...#.#.#...#.#.#
#...........#.#.##..#
..##.....##....Y@#.<#
..............##.z.##
...#.###.#....##..##
..............##...#
..##.....##....#.#.#
#...........#.##...#
#.#.#^..#.#.#.....##
....#.#.#.....##.##
..........######Y#######


You could see an ice beast and a wight.

Vanquished Creatures
  A steam dragon (D:6)
  A black bear (D:6)
  2 ogres
  A phantom (D:6)
  A bullfrog (D:7)
  A scorpion (D:6)
  A wight (D:8)
  A jelly (D:7)
  2 hounds (D:5)
  Jessica (D:2)
  An iguana (D:5)
  An orc wizard (D:3)
  6 adders
  2 shadow imps (D:5)
  A white imp (D:5)
  An ufetubus (D:5)
  8 orcs
  6 endoplasms
  A giant cockroach (D:4)
  7 goblins
  7 hobgoblins
  6 kobolds
  A quokka (D:2)
  7 ball pythons
  8 bats
  4 frilled lizards
  6 rats
85 creatures vanquished.

Vanquished Creatures (collateral kills)
  A water moccasin (D:5)
  A quasit (D:5)
  A shadow imp (D:5)
  3 white imps (D:5)
  An orc (D:3)
7 creatures vanquished.

Vanquished Creatures (others)
  Eustachio (D:5)
  An ogre (D:5)
  Blork the orc (D:5)
  A scorpion (D:7)
  A goblin (D:3)
  5 demonic plants (D:5)
  3 fungi (D:3)
  7 plants (D:3)
20 creatures vanquished.

Grand Total: 112 creatures vanquished

Notes
Turn   | Place    | Note
-------+----------+-------------------------------------------
     0 | D:1      | H0rd4k the Octopode Artificer began the quest for the Orb.
     0 | D:1      | Reached XP level 1. HP: 13/13 MP: 1/1
   295 | D:1      | Reached XP level 2. HP: 18/18 MP: 3/3
   411 | D:1      | Reached skill level 1 in Spellcasting
  1371 | D:2      | Reached XP level 3. HP: 10/24 MP: 3/5
  1631 | D:2      | Found a shimmering altar of Xom.
  1680 | D:2      | Noticed Terence
  1836 | D:2      | Reached skill level 1 in Unarmed Combat
  2275 | D:3      | Reached XP level 4. HP: 7/29 MP: 6/6
  2524 | D:3      | Reached skill level 2 in Spellcasting
  2877 | D:3      | Found Kiumouta's Antique Armour Boutique.
  3345 | D:3      | Found a stormy altar of Qazlal.
  3354 | D:3      | Reached XP level 5. HP: 32/35 MP: 8/8
  3475 | D:3      | Found a faded altar of an unknown god.
  3565 | D:4      | Identified the +1 ring mail "Ischuana" {Harm *Slow Str+7}
  3621 | D:4      | Noticed an ogre
  3627 | D:4      | Killed an ogre
  4045 | D:5      | Entered Level 5 of the Dungeon
  4069 | D:5      | Reached skill level 3 in Spellcasting
  4069 | D:5      | Reached XP level 6. HP: 14/42 MP: 10/10
  4383 | D:5      | Noticed Eustachio
  4389 | D:5      | Noticed a water moccasin
  4395 | D:5      | Noticed Blork the orc
  4396 | D:5      | Your ally Eustachio died
  4400 | D:5      | Your ally Blork the orc died
  4407 | D:5      | Found a bloodstained altar of Trog.
  4411 | D:5      | Killed a water moccasin
  4413 | D:5      | Reached skill level 4 in Spellcasting
  4728 | D:5      | Reached XP level 7. HP: 39/47 MP: 13/13
  5376 | D:6      | Reached skill level 5 in Spellcasting
  5433 | D:6      | Noticed a steam dragon
  5444 | D:6      | Killed a steam dragon
  5446 | D:6      | Noticed a steam dragon
  5484 | D:6      | Reached XP level 8. HP: 29/54 MP: 16/16
  5778 | D:6      | Reached skill level 5 in Fighting
  5814 | D:6      | Gained mutation: Your spells are a little harder to cast,
                  | but a little more powerful. [potion of mutation]
  5814 | D:6      | Gained mutation: You are weak. (Str -2) [potion of
                  | mutation]
  5914 | D:7      | Found a staircase to the Ecumenical Temple.
  5923 | Temple   | Entered the Ecumenical Temple
  6119 | Temple   | Became a worshipper of Gozag Ym Sagoz the Greedy
  6162 | D:7      | Reached skill level 6 in Spellcasting
  6799 | D:2      | Identified a scroll of acquirement
  6804 | D:2      | Acquired the ring of Wuqeelyt {Fly rN+ Int+5}
  7153 | D:2      | Noticed Jessica
  7159 | D:2      | Killed Jessica
  7206 | D:2      | Learned a level 1 spell: Summon Small Mammal
  7209 | D:2      | Learned a level 2 spell: Call Imp
  7575 | D:7      | Found a glowing silver altar of Zin.
  7663 | D:8      | Found Hiuteut's Distillery.
  7663 | D:8      | Found Areu's Assorted Antiques.
  7734 | D:7      | Mangled by an ice beast

Illustrated notes

Levels and vault maps discovered:
D:1:      psy_arrival_conway, layout_rooms
D:2:      layout_basic, basic_altar, dk_noncrumbling_4, uniq_jessica,
          uniq_terence
D:3:      layout_loops_ring, nicolae_qazlal_scattered_showers,
          shapermc_ecumenical_altar_mp_urbaneastern, serial_shops, shop,
          minmay_diced_spiral
D:4:      layout_cave_pools
D:5:      layout_loops_ring, nicolae_overflow_crystal_walls, serial_demonic,
          serial_demonic_b, serial_demonic_g, serial_demonic_a,
          serial_demonic_c, serial_demonic_e, serial_demonic_f,
          serial_demonic_e, uniq_eustachio, uniq_blork_the_orc
D:6:      cheibrodos_steamvent, layout_basic
D:7:      nicolae_cairo_tiling_large_dashed, layout_basic, zin_scriptorium,
          minitemple, minmay_temple_entry_statues_fountains, abandoned_shop,
          kennysheep_generic_room_7, uniq_prince_ribbit1, uniq_pikel
D:8:      layout_basic, nicolae_dithmenos_through_a_glass_darkly, serial_shops,
          nicolae_stop_n_shop_2, nicolae_shop_trees, shop
Temple:   nicolae_temple_godzebo

Skill      XL: |  1  2  3  4  5  6  7  8 |
---------------+-------------------------+-----
Spellcasting   | 1 2 3 4 5 6 |  6.2
Fighting       | 2 3 4 5 |  5.4
Unarmed Combat | 1 2 3 |  3.1
Dodging        | |  2.3
Stealth        | |  1.3
Summonings     | |  0.5
Evocations     | |  3.2

Action                   |  1- 3 |  4- 6 |  7- 9 || total
-------------------------+-------+-------+-------++-------
Melee: Unarmed           |   100 |    76 |    79 ||   255
       Constrict         |    25 |    20 |    12 ||    57
       Tentacles         |    27 |    18 |    20 ||    65
       Punch             |     1 |     4 |     5 ||    10
Evoke: Wand              |     2 |    18 |    15 ||    35
  Use: Scroll            |       |       |     9 ||     9
       Potion            |       |       |     7 ||     7
 Stab: Sleeping          |     2 |     5 |     3 ||    10
Armor: Skin              |     9 |     4 |    10 ||    23
Dodge: Dodged            |    71 |    46 |    49 ||   166
